 Dungeon Crawl Stone Soup version 0.30.0-29-ga12c61a403 (webtiles) character file.

Game seed: 2190071281738471471

13 Descartes the Chucker (level 2, 0/19 HPs)
             Began as a Formicid Wanderer on June 21, 2023.
             Slain by a kobold
             ... wielding a +0 vampiric short sword
              (2 damage)
             ... on level 1 of the Dungeon.
             The game lasted 00:01:24 (335 turns).

Descartes the Chucker (Formicid Wanderer)            Turns: 335, Time: 00:01:25

Health: 0/19       AC:  3    Str: 16    XL:     2   Next: 50%
Magic:  5/5        EV: 11    Int: 10    God:
Gold:   16         SH:  0    Dex: 14    Spells: 4/5 levels left

rFire   . . .        a - +0 dagger
rCold   . . .        (no shield)
rNeg    . . .        e - +0 leather armour
rPois   .            (helmet unavailable)
rElec   .            (no cloak)
rCorr   .            (no gloves)
SInv    +            (no boots)
Will    .....        (no amulet)
Stlth   +            (no ring)
HPRegen 0.23/turn    (no ring)
MPRegen 0.09/turn

%: no passive effects
@: attractive
A: permanent stasis, dig shafts and tunnels, antennae 3, four strong arms
a: Dig, Shaft Self


You were on level 1 of the Dungeon.
You visited 1 branch of the dungeon, and saw 2 of its levels.

You collected 16 gold pieces.

Inventory:

Hand Weapons
 a - a +0 dagger (weapon)
Missiles
 b - 11 poisoned darts (quivered)
Armour
 e - a +0 leather armour (worn)
 h - an orb of guile
Wands
 c - a wand of mindburst (12)
Scrolls
 d - a scroll of fog
 g - a scroll of enchant armour {unknown}
Potions
 i - a potion of haste


   Skills:
 - Level 4.0 Throwing
 + Level 0.7 Armour
 + Level 1.0 Shields
 + Level 2.3 Spellcasting
 + Level 1.6 Earth Magic
 + Level 3.4 Evocations


You had 4 spell levels left.
You knew the following spells:

 Your Spells              Type           Power      Damage    Failure   Level
a - Sandblast             Erth           8%         2d5       19%         1

Your spell library contained the following spells:

 Spells                   Type           Power      Damage    Failure   Level
 Stone Arrow              Conj/Erth      4%         3d7       63%         3


Dungeon Overview and Level Annotations

Branches:
Dungeon (2/15)

Altars:


Innate Abilities, Weirdness & Mutations

You cannot be hasted, slowed, berserked, paralysed or teleported.
You can dig through walls and to a lower floor.
You have a pair of large antennae on your head. (SInv)
Your four strong arms can wield two-handed weapons with a shield.


Message History

You are too injured to fight recklessly!
You are too injured to fight recklessly!
You are too injured to fight recklessly!
There are monsters nearby!
Unknown command.
You closely miss the hobgoblin.
The hobgoblin is heavily wounded.
The hobgoblin hits you but does no damage.
The kobold hits you with a +0 vampiric short sword.
Unknown command.
The hobgoblin attacks as you move away! The hobgoblin closely misses you.
The kobold attacks as you move away! The kobold barely misses you.
You hit the hobgoblin.
The hobgoblin is heavily wounded.
The hobgoblin hits you.
* * * LOW HITPOINT WARNING * * *
You hit the hobgoblin.
The hobgoblin is severely wounded.
The hobgoblin misses you.
You hit the hobgoblin.
You kill the hobgoblin!
Your Shields skill increases to level 1!
You barely miss the kobold. The kobold barely misses you.
You hit the kobold.
The kobold is moderately wounded.
The kobold hits you with a +0 vampiric short sword.
* * * LOW HITPOINT WARNING * * *
You barely miss the kobold.
The kobold hits you with a +0 vampiric short sword.
* * * LOW HITPOINT WARNING * * *
Unknown command.
You completely miss the kobold. The kobold hits you but does no damage.
You hit the kobold but do no damage. The kobold hits you but does no damage.
It was a potion of attraction.
You feel attractive to monsters. The kobold barely misses you.
It was a potion of haste.
Your stasis prevents you from being hasted.
The kobold hits you with a +0 vampiric short sword.
You die...

#.......#... ###.......#.##
#........##.##
#........##.##
#.............
####.........#### .
#............###.
....########.....####.....#.
.........lK@..............#.
#.........##.....###........
#.........##.....# #.......)
#.........##.....# ########)
..........##.....# #.
.....#######.....# #. .....
####### #. ..... #####.
#.....


You could see a kobold and a frilled lizard.

Vanquished Creatures
  A dart slug (D:1)
  2 goblins (D:1)
  2 hobgoblins (D:1)
  A quokka (D:1)
  3 bats (D:1)
  2 kobolds (D:1)
11 creatures vanquished.

Notes
Turn   | Place    | Note
-------+----------+-------------------------------------------
     0 | D:1      | Descartes the Formicid Wanderer began the quest for the
                  | Orb.
     0 | D:1      | Descartes set off with the following items: a +0 dagger, 11
                  | poisoned darts, a wand of mindburst (12), a scroll of fog,
                  | a +0 leather armour; and the following spell memorised:
                  | Sandblast; and the following spells available to memorise:
                  | Stone Arrow.
     0 | D:1      | Reached XP level 1. HP: 13/13 MP: 3/3
    60 | D:1      | You fall into a shaft and drop 1 floor!
   125 | D:1      | Reached XP level 2. HP: 18/19 MP: 5/5
   329 | D:1      | Reached skill level 1 in Shields
   335 | D:1      | Slain by a kobold

Illustrated notes

Levels and vault maps discovered:
D:1:      dpeg_arrival_water_temple_mockup, layout_basic
D:2:      layout_rooms, basic_altar, serial_forest, infiniplex_forest_corner_1,
          infiniplex_forest_zigzag_1, infiniplex_forest_straight_3,
          infiniplex_forest_lined_2, infiniplex_forest_lined_3,
          infiniplex_forest_3_way, infiniplex_forest_zigzag_1,
          infiniplex_forest_lined_2, infiniplex_forest_clump_small,
          infiniplex_forest_fountain, uniq_sigmund, uniq_terence

Skill      XL: |  1  2 |
---------------+-------+-----
Shields        | 1 |  1.0
Throwing       | |  4.0
Armour         | |  0.7
Spellcasting   | |  2.3
Earth Magic    | |  1.6
Evocations     | |  3.4

Action                     || total
---------------------------++-------
  Melee: Dagger            ||    64
    Use: Potion            ||     2
 Armour: Leather armour    ||    29
  Dodge: Dodged            ||    50
